 Dungeon Crawl Stone Soup version 0.28-a0-938-gbc3f381ebc (webtiles) character file.

Game seed: 15040922202690514455

2 voltaire321 the Charlatan (level 1, 0/15 HPs)
             Began as a Merfolk Artificer on Nov 29, 2021.
             Slain by a bat (1 damage)
             ... on level 1 of the Dungeon.
             The game lasted 00:01:04 (125 turns).

voltaire321 the Charlatan (Merfolk Artificer)        Turns: 125, Time: 00:01:05

Health: 0/15       AC:  3    Str: 12    XL:     1   Next: 30%
Magic:  1/1        EV: 12    Int: 10    God:
Gold:   17         SH:  0    Dex: 14    Spells: 0/0 levels left

rFire   . . .      SeeInvis .   a - +0 club
rCold   . . .      Faith    .   (no shield)
rNeg    . . .      Spirit   .   b - +0 leather armour
rPois   .          Reflect  .   (no helmet)
rElec   .          Harm     .   (no cloak)
rCorr   .          Rampage  .   (no gloves)
Will    .....                   (no boots)
Stlth   +.........              (no amulet)
HPRegen 0.05/turn               (no ring)
MPRegen 0.07/turn               (no ring)

@: no status effects
A: (nimble swimmer 2), mertail
a: no special abilities


You were on level 1 of the Dungeon.
You visited 1 branch of the dungeon, and saw 1 of its levels.

You collected 17 gold pieces.

Inventory:

Hand Weapons
 a - a +0 club (weapon)
Armour
 b - a +0 leather armour (worn)
Wands
 c - a wand of flame (15) (quivered)
 d - a wand of charming (15)
Scrolls
 f - a scroll of identify {unknown}
Miscellaneous
 e - a piece from Xom's chessboard (15/15)


   Skills:
 + Level 1.1 Fighting
 + Level 0.6 Armour
 + Level 2.7 Dodging
 + Level 1.1 Stealth
 + Level 3.0 Evocations


You couldn't memorise any spells.
You didn't know any spells.
Your spell library was empty.

Dungeon Overview and Level Annotations

Branches:
Dungeon (1/15)

Altars:


Innate Abilities, Weirdness & Mutations

((You are quick and stealthy near water. (Stealth+, EV+, Speed+++)))
Your lower body shifts to a powerful aquatic tail in water.


Message History

A giant cockroach comes into view.
The bat barely misses you.
You hit the bat but do no damage.
The bat is moderately wounded.
The kobold shouts!
The bat hits you but does no damage. The bat misses you.
You closely miss the bat.
The bat is moderately wounded.
The bat barely misses you.
You miss the bat. The bat barely misses you. The bat barely misses you.
The bat closely misses you. The bat misses you.
You hit the bat.
The bat is moderately wounded.
The bat completely misses you. The bat closely misses you.
You barely miss the kobold. The bat misses you. The bat barely misses you.
The kobold hits you with a +0 whip. The bat closely misses you.
You barely miss the bat. The bat hits you but does no damage.
The kobold misses you. The kobold hits you but does no damage.
You barely miss the kobold. The bat hits you but does no damage.
The bat closely misses you. The kobold barely misses you.
You hit the kobold.
The kobold is severely wounded.
The bat hits you but does no damage. The kobold barely misses you.
You barely miss the kobold.
The kobold is severely wounded.
The bat barely misses you. The kobold hits you but does no damage.
You closely miss the kobold.
The kobold is severely wounded.
The bat closely misses you. The bat barely misses you.
The kobold hits you with a +0 whip. x2
You barely miss the kobold.
The kobold is severely wounded.
The bat misses you. The kobold hits you with a +0 whip.
* * * LOW HITPOINT WARNING * * *
You miss the kobold.
The kobold is severely wounded.
The bat hits you but does no damage. The bat hits you.
You die...

#.#...#
......#........
#.#.#.#
......#........
#...#.#
...............
#.....#
............#
#....##
............#
#....# .. #...#
#.######.#
#8.8#
##........#
#bK.#
..........#
#♣@8#
..........#
#...#
.......^..#.
#♣.8#
##.[........
#...#
#.......##
#8.8# #.......#
#...# #.......#
#8.8# #...#####
#...# #....##
#8.8#


You could see a bat and a kobold.

Vanquished Creatures
  A ball python (D:1)
  A bat (D:1)
2 creatures vanquished.

Notes
Turn   | Place    | Note
-------+----------+-------------------------------------------
     0 | D:1      | voltaire321 the Merfolk Artificer began the quest for the
                  | Orb.
     0 | D:1      | Reached XP level 1. HP: 15/15 MP: 1/1
   125 | D:1      | Slain by a bat

Illustrated notes

Levels and vault maps discovered:
D:1:      amcnicky_arrival_blooded_trapdoor, layout_rooms,
          serial_co_window_serial, co_window_corner_a, co_window_corner_a,
          co_window_of_opportunity_a, co_window_paths_b, co_window_corner_a,
          co_window_cross_1, co_window_corner_a, co_window_corner_a,
          co_window_paths_a, co_window_broadway_a, co_window_corner_b,
          co_window_of_opportunity_c, co_window_corner_cb, glass_columns_a,
          glass_columns_a, chequers_avenue, chequers_serial_rivers_micro_a,
          hangedman_abyss_or_decor_lesser_grid

Action                   || total
-------------------------++-------
Melee: Club              ||    20
 Stab: Sleeping          ||     1
Armor: Leather armour    ||    18
Dodge: Dodged            ||    32

Table legend: (Time is in decaauts)
 A = Elapsed time spent in this place.
 B = Non-inter-level travel time spent in this place.
 C = Inter-level travel time spent in this place.
 D = Time resting spent in this place.
 E = Time spent auto-exploring this place.
 F = Levels seen in this place.
 G = Mean time per level.
                   A        B        C        D        E       F      G
               +--------+--------+--------+--------+--------+-----+--------+
         Total |    130 |    130 |      0 |      0 |     67 |   1 |  130.0 |
       Dungeon |    130 |    130 |      0 |      0 |     67 |   1 |  130.0 |
               +--------+--------+--------+--------+--------+-----+--------+

Top non-repeatable levels by time:
     D:1: 130 daAuts
